 Dungeon Crawl Stone Soup version 0.30-a0-916-g9813417 (webtiles) character file.

Game seed: 2557332969800632573

2016 Think the Carver (level 9, -1/61 HPs)
             Began as an Octopode Fighter on Mar 21, 2023.
             Was a Priest of Jiyva.
             Killed from afar by a steam dragon (21 damage)
             ... with a ball of steam
             ... on level 6 of the Dungeon.
             The game lasted 00:11:47 (3705 turns).

Think the Carver (Octopode Fighter)                 Turns: 3705, Time: 00:11:47

Health: -1/61      AC:  1    Str: 15 (16) XL:     9   Next: 23%
Magic:  9/9        EV: 16    Int: 10      God:    Jiyva [***...]
Gold:   205        SH:  5    Dex: 15      Spells: 8/8 levels left

rFire   . . .      SeeInvis .    a - +0 long sword
rCold   . . .      Faith    .    b - +0 buckler
rNeg    . . .      Spirit   .    (helmet restricted)
rPois   .          Reflect  .    (no amulet)
rElec   .          Rampage  .    p - ring of Mizxuehi {Will+ rCorr Slay+3}
rCorr   +                        (no ring)
Will    +....                    (no ring)
Stlth   ++                       (no ring)
HPRegen 1.42/turn                (no ring)
MPRegen 0.46/turn                (no ring)
                                 (no ring)
                                 (no ring)

@: no status effects
A: almost no armour, amphibious, 8 rings, camouflage 1, gelatinous body 1,
(nimble swimmer 1), tentacles, tentacle spike 3, robust 1
a: Renounce Religion, Oozemancy


You were on level 6 of the Dungeon.
You worshipped Jiyva.
Jiyva was most pleased with you.
You visited 1 branch of the dungeon, and saw 6 of its levels.
You also visited: Ossuary.

You collected 205 gold pieces.

Inventory:

Hand Weapons
 a - a +0 long sword (weapon)
 i - a +2 short sword of speed
Missiles
 k - a throwing net (quivered)
Armour
 b - a +0 buckler (worn)
Jewellery
 p - the ring of Mizxuehi (left tentacle) {Will+ rCorr Slay+3}
   (You found it on level 3 of the Dungeon)

   [ring of resist corrosion]

   Slay:      It affects your accuracy & damage with ranged weapons and melee
   (+3).
   rCorr:     It protects you from acid and corrosion.
   Will:      It increases your willpower.
Scrolls
 d - a scroll of vulnerability
 f - a scroll of magic mapping
 h - a scroll of identify
 l - a scroll of brand weapon {unknown}
 m - a scroll of summoning {unknown}
 n - a scroll of amnesia {unknown}
 q - a scroll of fog {unknown}
 r - a scroll of fear
 s - a scroll of poison
 t - a scroll of teleportation
 w - a scroll of noise
 x - a scroll of immolation
 y - a scroll of torment
Potions
 c - a potion of haste {unknown}
 e - a potion of lignification {unknown}
 g - 4 potions of curing {unknown}
 j - 2 potions of magic {unknown}
 o - a potion of berserk rage {unknown}
 u - a potion of brilliance {unknown}
 v - a potion of attraction
 z - 2 potions of invisibility
 A - a potion of heal wounds {unknown}


   Skills:
 - Level 3.0 Fighting
 * Level 9.5 Long Blades
 - Level 8.0 Dodging
 - Level 3.0 Shields


You had 8 spell levels left.
You didn't know any spells.
Your spell library contained the following spells:

 Spells                   Type           Power      Damage    Failure   Level
 Ignite Poison            Fire/Tmut/Pois 0%         N/A       83%         3
 Kindle Blastsparks       Fire/Tloc/Air  0%         2d10      83%         3
 Tukima's Dance           Hex            0%         N/A       83%         3
 Olgreb's Toxic Radiance  Pois           0%         N/A       99%         4
 Passage of Golubria      Tloc           0%         N/A       99%         4
 Freezing Cloud           Conj/Ice/Air   0%         6-21      100%        5
 Yara's Violent Unravell  Hex/Tmut       0%         3d3       100%        5
 Ozocubu's Refrigeration  Ice            0%         4d7       100%        7
 Ignition                 Fire           0%         3d3       100%        8


Dungeon Overview and Level Annotations

Branches:
Dungeon (6/15)            Ossuary (visited)
 Temple: D:4-7

Altars:
Hepliaklqana
Zin
Jiyva

Shops:
D:4 **   D:6 (

Annotations:
D:6 Maggie


Innate Abilities, Weirdness & Mutations

You cannot wear most types of armour.
You are amphibious.
You can wear up to eight rings at the same time.
Your skin changes colour to match your surroundings (Stealth+).
Your rubbery body absorbs attacks. (AC +1, EV +1)
((You are camouflaged when in or above water. (Stealth+)))
You have tentacles for arms and can constrict up to eight enemies at once.
One of your tentacles bears a large vicious spike.
You are robust. (+10% HP)


Message History

You hit the steam dragon.
You pierce the steam dragon.
The steam dragon is lightly wounded.
You hit the steam dragon.
Your tentacle spike misses the steam dragon.
Your squeeze misses the steam dragon.
The steam dragon is moderately wounded.
The steam dragon bites you. The steam dragon misses you.
The bullfrog is engulfed in a cloud of scalding steam.
The steam dragon breathes steam at you. The ball of steam hits you!!
You hear a croak.
You hear a shout!
The bullfrog attacks as you move away! The bullfrog closely misses you.
The steam dragon barely misses you. The steam dragon claws you.
You barely miss the steam dragon. Your squeeze misses the steam dragon.
The steam dragon is moderately wounded.
The bullfrog misses you.
You slash the steam dragon! Your squeeze misses the steam dragon.
The steam dragon is heavily wounded.
You block the steam dragon's attack. The steam dragon completely misses you.
The bullfrog barely misses you.
A bullfrog comes into view.
The bullfrog croaks.
You hit the steam dragon but do no damage.
You tentacle-slap the steam dragon, but do no damage.
The steam dragon is heavily wounded.
The bullfrog hits you. The steam dragon completely misses you.
The steam dragon barely misses you. The bullfrog closely misses you.
You slash the steam dragon!
The steam dragon is almost dead.
An ogre comes into view. It is wielding a +0 giant spiked club.
The steam dragon bites you! You block the steam dragon's attack.
You block the bullfrog's attack. The bullfrog closely misses you.
The ogre shouts!
You hit the steam dragon.
The steam dragon is almost dead.
The bullfrog completely misses you. The bullfrog hits you!
The steam dragon bites you. You block the steam dragon's attack.
The steam dragon breathes steam at you. The ball of steam hits you!!
You die...

.. .###. ... ...... >.#.#...
... ..... ....... #.. #...#
..#.+# .
##..####...#######....##.
#..........#.............
#..........+.............
#..........#.............
########....<.@..##....##...##.
#.....##......DF.##....##...#
#.....##+#####FO.##.....#...#
##....##....##.).##.....#...+..
#......#.....'..........#...#..
#....†.#.....#...##....##...##.
#......+.....#<..##....##...# .
##...###....##...##.........#
###'####....#...............#


You could see a steam dragon (catching breath), an ogre and 2 bullfrogs.

Vanquished Creatures
  A water moccasin (D:4)
  An ice beast (D:5)
  A sky beast (D:6)
  A centaur (D:6)
  2 phantoms
  Blork the orc (D:5)
  4 water moccasin zombies (Ossuary)
  2 wyvern zombies (Ossuary)
  5 scorpions
  2 howler monkeys (D:5)
  4 bullfrog zombies (Ossuary)
  A centaur zombie (Ossuary)
  2 sleepcaps
  A hound (D:4)
  An iguana (D:5)
  2 orc wizards (D:5)
  A killer bee zombie (Ossuary)
  11 mummies (Ossuary)
  3 howler monkey zombies (Ossuary)
  4 gnolls (D:4)
  4 adders
  An ufetubus (D:4)
  5 worms
  A dart slug (D:6)
  14 orcs
  7 ball pythons
  An endoplasm (D:1)
  2 giant cockroaches
  2 goblins
  7 hobgoblins
  A jackal (D:4)
  4 quokkas
  3 training dummies (D:6)
  3 bats
  A frilled lizard (D:1)
  6 kobolds
  8 rats
120 creatures vanquished.

Vanquished Creatures (others)
  A phantom (D:5)
  A bullfrog (D:6)
  A howler monkey (D:6)
  5 jellies
  A mummy (Ossuary)
  A howler monkey zombie (Ossuary)
  3 adders
  3 orcs
  4 endoplasms (D:4)
  A goblin (D:2)
  2 hobgoblins
  A jackal (D:4)
  A ball python (D:2)
  A frilled lizard (D:2)
  A rat (D:3)
  9 withered plants (Ossuary)
36 creatures vanquished.

Grand Total: 156 creatures vanquished

Notes
Turn   | Place    | Note
-------+----------+-------------------------------------------
     0 | D:1      | Think the Octopode Fighter began the quest for the Orb.
     0 | D:1      | Reached XP level 1. HP: 16/16 MP: 1/1
   135 | D:1      | Reached XP level 2. HP: 17/21 MP: 2/2
   819 | D:2      | Found a faded altar of an unknown god.
   836 | D:2      | Prayed at the altar of an unknown god.
   836 | D:2      | Became a worshipper of Jiyva Jyutuine the Shapeless
   836 | D:2      | Reached * piety under Jiyva
   910 | D:2      | Found a hazy altar of Hepliaklqana.
   917 | D:2      | Reached XP level 3. HP: 26/26 MP: 3/3
  1353 | D:3      | Reached XP level 4. HP: 31/31 MP: 4/4
  1356 | D:3      | Reached ** piety under Jiyva
  1442 | D:3      | Identified the +6 whip "Teqobaq" {flame, Int+2 Stlth+}
  1469 | D:3      | Reached skill level 5 in Dodging
  1567 | D:3      | Identified the ring of Mizxuehi {Will+ rCorr Slay+3}
  1614 | D:3      | Found a glowing silver altar of Zin.
  1752 | D:4      | Noticed a scorpion
  1756 | D:4      | Killed a scorpion
  1757 | D:4      | Reached XP level 5. HP: 31/36 MP: 5/5
  1803 | D:4      | Noticed a water moccasin
  1810 | D:4      | Killed a water moccasin
  1811 | D:4      | Reached XP level 6. HP: 15/42 MP: 6/6
  1914 | D:4      | Found Tocopp's General Store.
  1919 | D:4      | Found Bauruuni's Specific Store.
  1970 | D:4      | Reached *** piety under Jiyva
  1998 | D:4      | Reached XP level 7. HP: 46/46 MP: 7/7
  2170 | D:4      | Gained mutation: One of your tentacles bears a spike.
                  | [Jiyva's grace]
  2170 | D:4      | Gained mutation: One of your tentacles bears a nasty spike.
                  | [Jiyva's grace]
  2170 | D:4      | Gained mutation: One of your tentacles bears a large
                  | vicious spike. [Jiyva's grace]
  2170 | D:4      | Gained mutation: You are robust. (+10% HP) [Jiyva's grace]
  2174 | D:4      | Reached skill level 3 in Long Blades
  2248 | D:5      | Entered Level 5 of the Dungeon
  2436 | D:5      | Reached skill level 4 in Long Blades
  2506 | D:5      | Noticed Blork the orc
  2513 | D:5      | Found a sand-covered staircase.
  2518 | Ossuary  | Entered an ossuary
  2538 | Ossuary  | Reached skill level 5 in Long Blades
  2538 | Ossuary  | Reached XP level 8. HP: 57/57 MP: 8/8
  2562 | Ossuary  | Reached skill level 6 in Long Blades
  2622 | Ossuary  | Reached skill level 7 in Long Blades
  2757 | Ossuary  | Reached skill level 8 in Long Blades
  2964 | D:5      | Killed Blork the orc
  2965 | D:5      | Reached XP level 9. HP: 52/61 MP: 7/9
  3223 | D:5      | Reached skill level 9 in Long Blades
  3388 | D:6      | Found Zuas's Firing Range.
  3440 | D:6      | Noticed Maggie
  3705 | D:6      | Killed from afar by a steam dragon

Illustrated notes

Levels and vault maps discovered:
D:1:      wheals_arrival_linesprint, layout_basic
D:2:      layout_rooms, basic_ecumenical_altar, basic_altar, minivault_27,
          dreamdust_princess_bridge
D:3:      layout_rooms, zin_academy, nicolae_wormholes
D:4:      minmay_opposing_rooms, layout_basic, nicolae_specific_store
D:5:      layout_loops_ring, enter_ossuary_2, uniq_blork_the_orc
D:6:      layout_gridville, minmay_temple_entry_slanted,
          nicolae_shop_firing_range, uniq_maggie

Skill      XL: |  1  2  3  4  5  6  7  8  9 |
---------------+----------------------------+-----
Dodging        | 4 5 6 7 8 |  8.0
Long Blades    | 5 8 9 |  9.5
Fighting       | |  3.0
Shields        | |  3.0

Action                     |  1- 3 |  4- 6 |  7- 9 || total
---------------------------+-------+-------+-------++-------
  Melee: Long sword        |    64 |    63 |   146 ||   273
         Constrict         |    16 |    16 |    37 ||    69
         Tentacles         |    10 |    12 |    30 ||    52
         Punch             |       |     2 |     5 ||     7
         Kick              |       |       |    66 ||    66
 Invoke: Oozemancy         |       |       |     1 ||     1
    Use: Potion            |       |       |     4 ||     4
         Scroll            |       |       |     8 ||     8
   Stab: Sleeping          |     4 |     2 |       ||     6
         Distracted        |       |       |     2 ||     2
 Armour: Skin              |     4 |     1 |     7 ||    12
  Dodge: Dodged            |    35 |    41 |    97 ||   173
  Block: Buckler           |    11 |    14 |    25 ||    50

Table legend: (Time is in decaauts)
 A = Elapsed time spent in this place.
 B = Non-inter-level travel time spent in this place.
 C = Inter-level travel time spent in this place.
 D = Time resting spent in this place.
 E = Time spent auto-exploring this place.
 F = Levels seen in this place.
 G = Mean time per level.
                   A        B        C        D        E       F      G
               +--------+--------+--------+--------+--------+-----+--------+
         Total |   3767 |   3500 |    267 |    257 |   2300 |   7 |  538.1 |
       Dungeon |   3319 |   3052 |    267 |    178 |   2145 |   6 |  553.2 |
       Ossuary |    447 |    447 |      0 |     79 |    155 |   1 |  447.0 |
               +--------+--------+--------+--------+--------+-----+--------+

Top non-repeatable levels by time:
     D:5: 854 daAuts
     D:1: 827 daAuts
     D:2: 520 daAuts
     D:4: 515 daAuts
 Ossuary: 447 daAuts
     D:3: 430 daAuts
     D:6: 171 daAuts
